AoeStats
← One Bad Koala

Arabia

510120059Analyzed
1v1 RM · 24h ago on Sep 29, 2026· 23m 10s· 2 players
Game mode
Random Map
Map size
Tiny (2 player)
Population
200
Speed
Normal
Resources
Standard
Victory
Conquest
Starting age
Dark Age
Ending age
Imperial Age
RankedLock teamsTeams togetherTeam positionsShared explorationLock speedFull tech treeHidden civsTurbo modeCheats
Victory
Defeat
🇺🇸 Varangians · United States
1029
+15
🇧🇦 Franks · Bosnia & Herzegovina
1004
-15
role
7:30 Loom
10:48 Feudal Age
19:45 Double-Bit Axe
22:21 Castle Age
22:05 Scale Mail Armor
22:17 Forging
One Bad Koala
6:08 Loom
9:46 Feudal Age
19:47 Castle Age
18:11 Bloodlines
18:52 Stone Mining
18:43 Horse Collar
19:13 Scale Barding Armor
19:37 Fletching
20:19 Forging
22:53 Bodkin Arrow
Connection lost

Rejoining the realm…

Still unreachable

The connection could not be restored.

Session expired

The server has moved on; the page needs a fresh start.